 Dungeon Sprint DCSS version 0.16-a0-3761-g2321f2b (console) character file.

520 Monkaria the Grappler (level 7, -2/81 HPs)
             Began as a Troll Monk on Jan 24, 2015.
             Was a Believer of Cheibriados.
             Slain by Sonja
             ... wielding a +0 short sword of distortion
              (4 damage)
             ... in the Dungeon (Sprint I: "Red Sonja").
             The game lasted 00:02:54 (574 turns).

Monkaria the Grappler (Troll Monk)                   Turns: 574, Time: 00:02:54

Health: -2/81      AC:  5    Str: 27    XL:     7   Next: 1%
Magic:  3/3        EV: 11    Int: 11    God:    Cheibriados [**....]
Gold:   405        SH:  0    Dex: 17    Spells: 0 memorised, 6 levels left

rFire  . . .     SeeInvis .       - Unarmed
rCold  . . .     Clarity  .     a - +0 robe
rNeg   . . .     SustAb   .     (shield restricted)
rPois  .         Gourm    +     (helmet restricted)
rElec  .         Spirit   .     (no cloak)
rCorr  .         Warding  .     (gloves unavailable)
rMut   .         NoTele   +     (boots unavailable)
MR     .....                    (no amulet)
Stlth  ++........               (no ring)
                                (no ring)

@: lethally poisoned, short of breath, slowed, very slow, not resistant to
hostile enchantments, unstealthy
A: unfitting armour, claws 3, fast metabolism 3, gourmand, regeneration 2,
shaggy fur 1, tough skin 2
a: Bend Time, Renounce Religion


You were in the Dungeon.
You worshipped Cheibriados.
Cheibriados was pleased with you.
You were full.

You visited 1 branch You collected 405 gold pieces.

Inventory:

Armour
 a - a +0 robe (worn)
Scrolls
 h - a scroll of blinking
Potions
 c - a potion of curing
 e - a potion of haste
 f - 2 potions of magic
 g - a potion of berserk rage
 i - a potion of cancellation {unknown}
 j - 2 potions of lignification {unknown}
 k - a potion of might {unknown}
Comestibles
 b - 2 meat rations


   Skills:
 - Level 8.4 Fighting
 + Level 2.4 Dodging
 - Level 1.1 Stealth
 - Level 12.0 Unarmed Combat


You had 6 spell levels left.
You didn't know any spells.

Dungeon Overview and Level Annotations

Branches:
Dungeon (1/1)

Altars:
Cheibriados
Dithmenos
Elyvilon
Fedhas
Gozag
Kikubaaqudgha
Makhleb
Nemelex Xobeh
Okawaru
Qazlal
Ru
Sif Muna
Trog
Vehumet
Xom
Yredelemnul
Zin
The Shining One
Jiyva

Shops:
D =

Annotations:
D Sonja


Innate Abilities, Weirdness & Mutations

You are too large for most types of armour.
You have claws for hands.
Your metabolism is lightning-fast.
You like to eat raw meat.
You heal very quickly.
You are covered in fur (AC +1).
You have very tough skin (AC +2).


Message History

Sonja misses you. x2
Sonja hits you with an uncursed short sword of distortion!
Space warps horribly around you! Sonja hits you but does no damage.
Space bends around you.
* * * LOW HITPOINT WARNING * * *
Sonja hits you with an uncursed short sword of distortion.
* * * LOW HITPOINT WARNING * * *
Space warps horribly around you!
* * * LOW HITPOINT WARNING * * *
Unknown command.
You mangle Sonja!!
Sonja begins to bleed from her wounds!
Your claw misses Sonja.
Sonja is almost dead.
* * * LOW HITPOINT WARNING * * *
You feel sick.
Sonja hits you with an uncursed short sword of distortion.
* * * LOW HITPOINT WARNING * * *
Sonja completely misses you.
Sonja hits you with an uncursed short sword of distortion.
You die...

#..)..#..'..#..'..'..#
#..#####'##.##'#__####
#..####..#...#.####
#..#__####.(##(#
#).#_..__##'#..+
#⌠⌠#_.∩...'..._#
####_..._##_.#+#
#_____##K+#
########(@## +(.$+
#(.$# ##.## #+#


You could see Sonja (bleeding).

Vanquished Creatures
  A slime creature (D)
  A yak (D)
  An ogre (D)
  Sigmund (D)
  A jelly (D)
  Ijyb (D)
6 creatures vanquished.

Notes
Turn   | Place    | Note
--------------------------------------------------------------
     0 | D        | Monkaria, the Troll Monk, began the quest for the Orb.
     0 | D        | Reached XP level 1. HP: 22/22 MP: 1/1
     1 | D        | Noticed Ijyb
     9 | D        | Killed Ijyb
     9 | D        | Reached XP level 2. HP: 27/33 MP: 1/1
    24 | D        | Noticed an ogre
    36 | D        | Killed an ogre
    36 | D        | Reached skill level 8 in Unarmed Combat
    36 | D        | Reached XP level 3. HP: 3/41 MP: 2/2
    36 | D        | Reached XP level 4. HP: 3/49 MP: 2/2
   220 | D        | Noticed Sigmund
   292 | D        | Killed Sigmund
   292 | D        | Reached skill level 10 in Unarmed Combat
   292 | D        | Reached XP level 5. HP: 40/55 MP: 2/2
   349 | D        | Found a snail-covered altar of Cheibriados.
   349 | D        | Found a viscous altar of Jiyva.
   349 | D        | Found a shadowy altar of Dithmenos.
   349 | D        | Found a blossoming altar of Fedhas.
   349 | D        | Noticed a slime creature
   357 | D        | Killed a slime creature
   357 | D        | Reached XP level 6. HP: 24/74 MP: 3/3
   364 | D        | Became a worshipper of Cheibriados the Contemplative
   452 | D        | Found a deep blue altar of Sif Muna.
   452 | D        | Noticed a jelly
   454 | D        | Found a radiant altar of Vehumet.
   459 | D        | Killed a jelly
   483 | D        | Found Luikipryu's Jewellery Emporium.
   483 | D        | Found a white marble altar of Elyvilon.
   483 | D        | Found a stormy altar of Qazlal.
   483 | D        | Found a basalt altar of Yredelemnul.
   483 | D        | Found an iron altar of Okawaru.
   483 | D        | Found a sparkling altar of Nemelex Xobeh.
   483 | D        | Found a shimmering altar of Xom.
   483 | D        | Found an ancient bone altar of Kikubaaqudgha.
   483 | D        | Noticed a yak
   490 | D        | Killed a yak
   490 | D        | Reached skill level 12 in Unarmed Combat
   490 | D        | Reached XP level 7. HP: 35/81 MP: 3/3
   491 | D        | Found a burning altar of Makhleb.
   491 | D        | Found a sacrificial altar of Ru.
   491 | D        | Found a glowing golden altar of the Shining One.
   491 | D        | Found an opulent altar of Gozag.
   491 | D        | Found a glowing silver altar of Zin.
   492 | D        | Found a bloodstained altar of Trog.
   564 | D        | Noticed Sonja
   574 | D        | HP: 2/81 [Sonja/uncursed short sword of distortion (3)]
   574 | D        | Slain by Sonja

Action                   |  1- 3 |  4- 6 |  7- 9 || total
-------------------------+-------+-------+-------++-------
Melee: Unarmed           |    11 |    24 |     1 ||    36
  Use: Potion            |       |       |     1 ||     1
  Eat: Chunk             |       |     6 |       ||     6
